 Dungeon Sprint DCSS version 0.19-a0-895-gdbd5520 (webtiles) character file.

258 LORDOFBUTT the Unseen (level 5, 0/28 HPs)
             Began as a Spriggan Assassin on July 4, 2016.
             Was an Initiate of Dithmenos.
             Engulfed by a cloud of steam (7 damage)
             ... in the Dungeon (Sprint IX: "|||||||||||||||||||||||||||||").
             The game lasted 00:01:14 (560 turns).

LORDOFBUTT the Unseen (Spriggan Assassin)            Turns: 560, Time: 00:01:15

Health: 0/28       AC:  3    Str:  7    XL:     5   Next: 94%
Magic:  6/6        EV: 23    Int: 15    God:    Dithmenos [......]
Gold:   0          SH:  0    Dex: 22    Spells: 0 memorised, 4 levels left

rFire  . . .     SeeInvis +     q - +2 rapier (elec)
rCold  . . .     Gourm    .     c - +0 robe
rNeg   . . .     Faith    .     (shield restricted)
rPois  .         Spirit   .     (helmet restricted)
rElec  .         Dismiss  .     d - +0 cloak
rCorr  .         Reflect  .     (gloves unavailable)
SustAt .         Harm     .     (boots unavailable)
MR     .....     NoTele   +     (no amulet)
Stlth  +++++++...               r - +3 ring of dexterity
                                a - +3 ring of intelligence

@: very quick, not resistant to hostile enchantments, extremely stealthy
A: unfitting armour, see invisible, herbivore 3, speed 3, slow metabolism 2
a: Renounce Religion


You were in the Dungeon.
You worshipped Dithmenos.
Dithmenos was noncommittal.
You were not hungry.

You visited 1 branch

Inventory:

Hand Weapons
 b - a +0 blowgun
 q - a +2 rapier of electrocution (weapon)
Missiles
 e - 8 poisoned needles
 f - 2 curare-tipped needles
Armour
 c - a +0 robe (worn)
 d - a +0 cloak (worn)
Jewellery
 a - a +3 ring of intelligence (left hand)
 r - a +3 ring of dexterity (right hand)
Wands
 p - a wand of acid (7/15)
Scrolls
 m - 2 scrolls of blinking
 n - 3 scrolls of remove curse
 o - 2 scrolls of amnesia
Potions
 h - a potion of invisibility
 i - 2 potions of heal wounds
 j - 4 potions of curing
 k - 4 potions of magic
 l - a potion of berserk rage
Comestibles
 g - a bread ration


   Skills:
 + Level 3.4 Fighting
 + Level 4.7 Short Blades
 + Level 4.0 Throwing
 + Level 5.9 Dodging
 + Level 15.0 Stealth


You had 4 spell levels left.
You didn't know any spells.

Dungeon Overview and Level Annotations

Branches:
Dungeon (1/1)

Altars:
Cheibriados
Dithmenos
Elyvilon
Fedhas
Gozag
Hepliaklqana
Kikubaaqudgha
Makhleb
Nemelex Xobeh
Okawaru
Pakellas
Qazlal
Ru
Sif Muna
Trog
Uskayaw
Vehumet
Xom
Yredelemnul
Zin
The Shining One
Beogh
Jiyva
Lugonu


Innate Abilities, Weirdness & Mutations

You are tiny and cannot use many weapons and most armour.
You have supernaturally acute eyesight. (SInv)
You are a herbivore.
You cover ground extremely quickly.
You need consume almost no food.


Message History

The steam dragon is almost dead.
The steam dragon completely misses you.
The steam dragon claws you but does no damage.
You hit the steam dragon but do no damage.
The steam dragon is almost dead.
The steam dragon breathes steam at you. The ball of steam misses you.
You hit the steam dragon but do no damage.
There is a sudden explosion of sparks!
You kill the steam dragon!
Dithmenos accepts your kill.
Your Fighting skill increases to level 3!
Your Short Blades skill increases to level 4!
Your Throwing skill increases to level 4!
Your Dodging skill gained 2 levels and is now at level 5!
Your Stealth skill gained 2 levels and is now at level 15!
You have reached level 5!
You feel agile.
You are engulfed in a cloud of scalding steam.
You die... ▓▓▓▓▓▓▓▓▓▓▓▓▓▓▓▓▓▓▓▓▓▓▓▓ ______'..|)[[[§§@.OFOT5+ ▓▓▓▓▓▓▓▓▓▓▓▓▓▓▓▓▓▓▓▓▓▓▓▓

You could see a troll, 2 ogres, a giant frog and a shadow imp.

Vanquished Creatures
  A steam dragon (D)
  An ogre (D)
  A worker ant (D)
  A shadow imp (D)
  A giant gecko (D)
  A ball python (D)
  2 bats (D)
  2 goblins (D)
  A kobold (D)
11 creatures vanquished.

Notes
Turn   | Place    | Note
-------+----------+-------------------------------------------
     0 | D        | LORDOFBUTT the Spriggan Assassin began the quest for the Orb.
     0 | D        | Reached XP level 1. HP: 10/10 MP: 2/2
     5 | D        | Reached skill level 6 in Stealth
    16 | D        | Reached skill level 7 in Stealth
   205 | D        | Noticed an ogre
   205 | D        | Noticed a worker ant
   207 | D        | Killed an ogre
   207 | D        | Reached skill level 12 in Stealth
   207 | D        | Reached XP level 2. HP: 16/16 MP: 3/3
   207 | D        | Reached XP level 3. HP: 19/19 MP: 4/4
   207 | D        | Reached XP level 4. HP: 23/23 MP: 5/5
   249 | D        | Reached skill level 13 in Stealth
   497 | D        | Found a glowing silver altar of Zin.
   497 | D        | Found a glowing golden altar of the Shining One.
   497 | D        | Found an ancient bone altar of Kikubaaqudgha.
   497 | D        | Found a basalt altar of Yredelemnul.
   497 | D        | Found a shimmering altar of Xom.
   497 | D        | Found a radiant altar of Vehumet.
   498 | D        | Found an iron altar of Okawaru.
   499 | D        | Found a burning altar of Makhleb.
   500 | D        | Found a deep blue altar of Sif Muna.
   501 | D        | Found a bloodstained altar of Trog.
   502 | D        | Found a sparkling altar of Nemelex Xobeh.
   503 | D        | Found a white marble altar of Elyvilon.
   504 | D        | Found a roughly hewn altar of Beogh.
   505 | D        | Found a viscous altar of Jiyva.
   506 | D        | Found a corrupted altar of Lugonu.
   507 | D        | Found a blossoming altar of Fedhas.
   508 | D        | Found a snail-covered altar of Cheibriados.
   509 | D        | Found a shadowy altar of Dithmenos.
   510 | D        | Found a stormy altar of Qazlal.
   511 | D        | Found an opulent altar of Gozag.
   512 | D        | Found a sacrificial altar of Ru.
   513 | D        | Found an oddly glowing altar of Pakellas.
   514 | D        | Found a hide-covered altar of Uskayaw.
   515 | D        | Found a hazy altar of Hepliaklqana.
   517 | D        | Became a worshipper of Dithmenos the Shadowed
   547 | D        | Noticed a steam dragon
   547 | D        | Noticed an ogre
   547 | D        | Noticed a giant frog
   547 | D        | Noticed an ogre
   547 | D        | Noticed a troll
   560 | D        | Killed a steam dragon
   560 | D        | Reached skill level 5 in Dodging
   560 | D        | Reached skill level 15 in Stealth
   560 | D        | Reached XP level 5. HP: 7/28 MP: 6/6
   560 | D        | Engulfed by a cloud of steam

Vault maps used:
D:        linesprint

Skill      XL: |  1  2  3  4 |
---------------+-------------+-----
Stealth        | 12 15 | 15.0
Fighting       | 2 3 |  3.4
Short Blades   | 3 4 |  4.7
Throwing       | 3 4 |  4.0
Dodging        | 2 5 |  5.9

Action                   |  1- 3 |  4- 6 || total
-------------------------+-------+-------++-------
Melee: Dagger            |    11 |    24 ||    35
       Rapier            |       |    12 ||    12
 Fire: Blowgun           |       |     1 ||     1
  Use: Potion            |       |     3 ||     3
 Stab: Sleeping          |     3 |     1 ||     4
Armor: Robe              |       |     4 ||     4
Dodge: Dodged            |     3 |    29 ||    32
